 Dungeon Crawl Stone Soup version 0.30.2 (webtiles) character file.

Game seed: 8997871801685048123

517 edilice the Chopper (level 7, -12/59 HPs)
             Began as a Hill Orc Reaver on Jan 17, 2024.
             Mangled by an ogre
             ... wielding a +0 giant spiked club
              (27 damage)
             ... on level 4 of the Dungeon on Jan 19, 2024.
             The game lasted 00:13:02 (3908 turns).

edilice the Chopper (Hill Orc Reaver)               Turns: 3908, Time: 00:13:02

Health: -12/59     AC: 10    Str: 17    XL:     7   Next: 20%
Magic:  9/9        EV:  6    Int: 19    God:
Gold:   139        SH:  7    Dex:  9    Spells: 8/9 levels left

rFire   . . .        a - +0 hand axe
rCold   . . .        m - +0 kite shield
rNeg    . . .        d - +0 chain mail
rPois   .            o - +0 helmet
rElec   .            (no cloak)
rCorr   .            (no gloves)
SInv    .            (no boots)
Will    .....        i - amulet of regeneration Stlth
                     w - +6 ring of intelligence
HPRegen 1.09/turn    (no ring)
MPRegen 0.11/turn

%: no passive effects
@: no status effects
A: no striking features
a: no special abilities


You were on level 4 of the Dungeon.
You visited 1 branch of the dungeon, and saw 4 of its levels.
You also visited: Sewer.

You collected 139 gold pieces.

Inventory:

Hand Weapons
 a - a +0 hand axe (weapon)
 u - a +0 long sword
Armour
 b - a +0 leather armour
 d - a +0 chain mail (worn)
 m - a +0 kite shield (worn)
 o - a +0 helmet (worn)
Jewellery
 i - an amulet of regeneration (around neck)
 w - a +6 ring of intelligence (left hand)
Wands
 z - a wand of paralysis (7)
Scrolls
 c - a scroll of enchant armour {unknown}
 f - a scroll of noise {unknown}
 h - a scroll of butterflies {unknown}
 j - a scroll of magic mapping {unknown}
 l - 5 scrolls of fog
 n - 3 scrolls of immolation {unknown}
 p - 2 scrolls of enchant weapon {unknown}
 r - a scroll of vulnerability {unknown}
 t - a scroll of teleportation {unknown}
 x - a scroll of fear {unknown}
 y - a scroll of amnesia {unknown}
Potions
 e - 3 potions of mutation
 g - 3 potions of curing
 k - 3 potions of flight
 s - a potion of degeneration
 v - a potion of might
Miscellaneous
 A - a phial of floods


   Skills:
 + Level 4.0 Fighting
 + Level 7.5 Axes
 + Level 3.5 Armour
 + Level 2.2 Dodging
 + Level 0.1 Stealth
 + Level 2.2 Shields
 + Level 1.6 Spellcasting
 + Level 3.1 Conjurations


You had 8 spell levels left.
You knew the following spells:

 Your Spells              Type           Power      Damage    Failure   Level
a - Kiss of Death         Conj/Necr      28%        2d7       96%         1

Your spell library contained the following spells:

 Spells                   Type           Power      Damage    Failure   Level
 Momentum Strike          Conj/Tloc      14%        3d8       99%         2
 Hailstorm                Conj/Ice       7%         3d4       100%        3


Dungeon Overview and Level Annotations

Branches:
Dungeon (4/15)              Sewer (visited)
 Temple: D:4-7

Altars:
Ru
The Shining One


Message History

You hit the gnoll.
The gnoll is severely wounded.
The gnoll hits you with a +0 flail.
You slash the gnoll!
You kill the gnoll!
Items here: )))) †.
Okay, then.
You now have 139 gold pieces (gained 15).
An ogre comes into view. It is wielding a +0 giant spiked club.
The ogre shouts!
Found a scroll of identify.
You see here 10 gold pieces.
You barely miss the ogre.
The ogre hits you with a +0 giant spiked club!!
You hit the ogre.
The ogre is lightly wounded.
You barely miss the ogre.
The ogre is lightly wounded.
You block the ogre's attack.
You barely miss the ogre.
The ogre is lightly wounded.
The ogre hits you with a +0 giant spiked club!
You hit the ogre.
The ogre is moderately wounded.
You block the ogre's attack.
You hit the ogre.
The ogre is moderately wounded.
You slash the ogre!
The ogre is severely wounded.
You block the ogre's attack.
You hit the ogre.
The ogre is severely wounded.
The ogre hits you with a +0 giant spiked club!!
Ouch! That really hurt!
* * * LOW HITPOINT WARNING * * *
You hit the ogre.
The ogre is severely wounded.
You feel better.
The ogre hits you with a +0 giant spiked club!!
You die...

..........## ..
.......[..## ...
#.........##....
#...............
##.......$......#
#.........####...
#.........#
#...O.....##
#...@......#
#..#######..#
#)## #..# #.#
#... #.# ##.#
#.### .. #..>#
#...# #...#


You could see an ogre.

Vanquished Creatures
  An ogre (D:3)
  2 bullfrogs (Sewer)
  A hound (D:3)
  An orc priest (D:3)
  Robin (D:4)
  4 gnolls (D:4)
  7 adders
  2 river rats (D:3)
  2 dart slugs
  5 orcs
  5 endoplasms
  5 giant cockroaches
  15 goblins
  12 hobgoblins
  9 kobolds
  6 quokkas
  9 ball pythons
  4 bats
  17 frilled lizards
  4 rats (D:3)
112 creatures vanquished.

Notes
Turn   | Place    | Note
-------+----------+-------------------------------------------
     0 | D:1      | edilice the Hill Orc Reaver began the quest for the Orb.
     0 | D:1      | Reached XP level 1. HP: 18/18 MP: 3/3
   241 | D:1      | Reached XP level 2. HP: 20/25 MP: 4/4
   572 | D:1      | Found a faded altar of an unknown god.
   757 | D:1      | Reached XP level 3. HP: 30/30 MP: 5/5
   809 | D:1      | Reached skill level 5 in Axes
  1623 | D:2      | Reached XP level 4. HP: 35/37 MP: 6/6
  1838 | D:2      | Reached skill level 1 in Armour
  2256 | D:3      | Found a glowing golden altar of the Shining One.
  2291 | D:3      | Reached skill level 6 in Axes
  2564 | D:3      | Found a sacrificial altar of Ru.
  2631 | D:3      | Reached XP level 5. HP: 43/45 MP: 7/7
  2647 | D:3      | Upgraded the game from 0.30.1-11-g7821555f0a to 0.30.2
  2698 | D:3      | Found a glowing drain.
  2708 | Sewer    | Entered a sewer
  2931 | Sewer    | Reached skill level 1 in Shields
  3005 | Sewer    | Reached XP level 6. HP: 45/51 MP: 8/8
  3573 | D:4      | Noticed Robin
  3618 | D:3      | Reached skill level 7 in Axes
  3649 | D:3      | Reached XP level 7. HP: 58/58 MP: 9/9
  3699 | D:4      | Killed Robin
  3908 | D:4      | Mangled by an ogre

Illustrated notes

Levels and vault maps discovered:
D:1:      noname_arrival_rooms_in_the_neighbourhood, layout_basic,
          basic_ecumenical_altar
D:2:      layout_loops_corners, hex_medium
D:3:      minmay_spotlight, layout_basic, nicolae_overflow_crystal_walls,
          nicolae_ru_path_of_blood, gup_sewer_entry_bubbles
D:4:      minmay_door_path, layout_rooms, grunt_dithmenos_smoke, fedhas_altar_1,
          mainiacjoe_overflow_brackets, lemuel_doored_altar, uniq_eustachio,
          uniq_robin, uniq_sigmund

Skill      XL: |  1  2  3  4  5  6  7 |
---------------+----------------------+-----
Axes           | 5 6 7 |  7.5
Armour         | 2 3 |  3.5
Fighting       | 3 4 |  4.0
Shields        | 1 2 |  2.2
Dodging        | 2 |  2.2
Stealth        | |  0.1
Spellcasting   | |  1.6
Conjurations   | |  3.1

Action                     |  1- 3 |  4- 6 |  7- 9 || total
---------------------------+-------+-------+-------++-------
  Melee: Hand axe          |   142 |   320 |    79 ||   541
         Punch             |     1 |       |       ||     1
    Use: Scroll            |       |     5 |       ||     5
         Potion            |       |       |     1 ||     1
 Armour: Leather armour    |     3 |       |       ||     3
         Chain mail        |    82 |   204 |    36 ||   322
  Dodge: Dodged            |    51 |    83 |    21 ||   155
  Block: Kite shield       |    11 |   125 |    28 ||   164
